 Dungeon Crawl Stone Soup version 0.29-a0-557-g43b9904bd1 (webtiles) character file.

Game seed: 15961772610357272362

336 avis the Shooter (level 6, 0/72 HPs)
             Began as a Demigod Hunter on June 8, 2022.
             Slain by Edmund
             ... wielding a +2 vorpal flail
              (3 damage)
             ... on level 4 of the Dungeon on June 9, 2022.
             The game lasted 00:16:57 (2908 turns).

avis the Shooter (Demigod Hunter)                   Turns: 2908, Time: 00:16:58

Health: 0/72       AC: 23    Str: 12    XL:     6   Next: 6%
Magic:  8/8        EV:  2    Int: 11    God:
Gold:   232        SH:  0    Dex: 25    Spells: 5/5 levels left

rFire   . . .      SeeInvis .   a - +8 dagger of Nemelex Xobeh's Regard {vorpal, Fly}
rCold   . . .      Faith    .   (no shield)
rNeg    . . .      Spirit   .   (body armour currently unavailable)
rPois   +          Reflect  .   (helmet currently unavailable)
rElec   .          Harm     .   (cloak currently unavailable)
rCorr   .          Rampage  .   (gloves currently unavailable)
Will    +....      Clarity  +   (boots currently unavailable)
Stlth   ++........ NoTele   +   o - amulet of regeneration
HPRegen 1.02/turn               d - ring of willpower
MPRegen 0.11/turn               (no ring)

@: tree-form
A: stationary, stasis, torment immunity, boosted hp, high MP 1, forlorn, divine
attributes, clarity
a: no special abilities


You were on level 4 of the Dungeon.
You were a tree.
You visited 1 branch of the dungeon, and saw 4 of its levels.

You collected 232 gold pieces.

Inventory:

Hand Weapons
 a - the +8 dagger of Nemelex Xobeh's Regard (weapon) {vorpal, Fly}
   (You found it on level 3 of the Dungeon)

   It inflicts extra damage upon your enemies.
   Fly:       It grants you flight.
 b - a +1 shortbow
 e - a +0 flail of draining
 m - a +2 vorpal hand axe
Missiles
 r - 2 throwing nets
Armour
 h - a +1 leather armour of fire resistance (melded)
Magical Staves
 g - a staff of death
Jewellery
 d - a ring of willpower (left branch)
 o - an amulet of regeneration (around neck)
Scrolls
 c - 3 scrolls of immolation
 f - 2 scrolls of identify
Potions
 j - 2 potions of mutation
 n - 4 potions of curing


   Skills:
 - Level 2.0 Fighting
 * Level 6.8 Bows
 - Level 2.0 Dodging
 - Level 0.8 Stealth


You had 5 spell levels left.
You didn't know any spells.
Your spell library contained the following spells:

 Spells                   Type           Power      Damage    Failure   Level
 Magic Dart               Conj           0%         1d3       34%         1
 Call Imp                 Summ           0%         N/A       47%         2
 Conjure Flame            Conj/Fire      0%         6-21      71%         3
 Ignite Poison            Fire/Tmut/Pois 0%         N/A       71%         3
 Mephitic Cloud           Conj/Pois/Air  0%         N/A       71%         3
 Sticky Flame             Conj/Fire      0%         2d3       98%         4


Dungeon Overview and Level Annotations

Branches:
Dungeon (4/15)
 Temple: D:4-7

Annotations:
D:4 Edmund


Innate Abilities, Weirdness & Mutations

You are a tree.
Your roots penetrate the ground, keeping you stationary.
You cannot be teleported.
You are immune to unholy pain and torment.
Your maximum health is greatly increased.
Your equipment is partially melded.
You have an increased reservoir of magic. (+10% MP)
You shall have no god before yourself.
Your divine heritage dramatically boosts your attributes as you level up.
You possess an exceptional clarity of mind.


Message History

Press: ? - help, Q - select action, (/) - cycle Shift-Dir - straight line, f/p - Edmund
Aim: Edmund, wielding a +2 vorpal flail and wearing a +0 ring mail (72% to hit)
You shoot an arrow.
The arrow hits the hobgoblin but does no damage.
The hobgoblin is severely wounded.
The hobgoblin hits you.
Shoot: b) +1 shortbow
Press: ? - help, Q - select action, (/) - cycle Shift-Dir - straight line, f/p - Edmund
Aim: Edmund, wielding a +2 vorpal flail and wearing a +0 ring mail (72% to hit)
You shoot an arrow. The arrow hits the hobgoblin!
You kill the hobgoblin!
You fly up into the air.
a - the +8 dagger of Nemelex Xobeh's Regard (weapon)
{vorpal, Fly} Edmund hits you with a +2 vorpal flail.
You hit Edmund.
Edmund is lightly wounded.
Edmund hits you with a +2 vorpal flail.
You hit Edmund.
Edmund is lightly wounded.
Edmund barely misses you.
You closely miss Edmund.
Edmund is lightly wounded.
Edmund hits you with a +2 vorpal flail!
You hit Edmund but do no damage.
Edmund is lightly wounded.
Edmund hits you with a +2 vorpal flail!
You hit Edmund but do no damage.
Edmund is lightly wounded.
Edmund hits you with a +2 vorpal flail!
* * * LOW HITPOINT WARNING * * *
x2 Really quaff the potion of lignification?
You turn into a tree.
Your +1 leather armour of fire resistance melds into your body.
You feel less resistant to fire.
Your roots penetrate the ground.
Edmund hits you but does no damage.
You hit Edmund.
Edmund is moderately wounded.
Edmund hits you with a +2 vorpal flail!
* * * LOW HITPOINT WARNING * * *
You die...

..###..###.##
##...# .#
#.....#
#....#########
# #....##
##.............
#.....##
#..........###.
#......#####
##.......### ##
#..####....##
#####.†## # #
#... ####..#
#### # . #...
##.# . #... #♣#
### #@# #)##
#).# #..## #
##..## #..
#...###....
##.........
#.........


You could see Edmund.

Vanquished Creatures
  A phantom (D:4)
  A howler monkey (D:2)
  An orc priest (D:4)
  Robin (D:4)
  4 gnolls (D:4)
  6 adders
  A dart slug (D:2)
  2 worms (D:3)
  6 orcs
  5 endoplasms
  3 giant cockroaches
  9 hobgoblins
  2 jackals (D:4)
  6 quokkas
  3 ball pythons
  3 bats
  2 frilled lizards (D:1)
  14 goblins
  3 kobolds
  6 rats
79 creatures vanquished.

Notes
Turn   | Place    | Note
-------+----------+-------------------------------------------
     0 | D:1      | avis the Demigod Hunter began the quest for the Orb.
     0 | D:1      | Reached XP level 1. HP: 17/17 MP: 3/3
   204 | D:1      | Reached skill level 4 in Bows
   306 | D:1      | Reached XP level 2. HP: 24/24 MP: 4/4
  1036 | D:2      | Noticed a howler monkey
  1048 | D:2      | Killed a howler monkey
  1049 | D:2      | Reached skill level 5 in Bows
  1049 | D:2      | Reached XP level 3. HP: 11/29 MP: 5/5
  1762 | D:3      | Gained mutation: You possess an exceptional clarity of
                  | mind. [potion of mutation]
  1773 | D:3      | Reached XP level 4. HP: 36/36 MP: 6/6
  1815 | D:3      | Identified the +8 dagger of Nemelex Xobeh's Regard {vorpal,
                  | Fly}
  2714 | D:4      | Reached XP level 5. HP: 41/41 MP: 7/7
  2717 | D:4      | Reached skill level 6 in Bows
  2872 | D:4      | Noticed Robin
  2887 | D:4      | Killed Robin
  2888 | D:4      | Reached XP level 6. HP: 48/48 MP: 8/8
  2892 | D:4      | Noticed Edmund
  2908 | D:4      | HP: 3/72 [Edmund/+2 vorpal flail (9)]
  2908 | D:4      | Slain by Edmund

Illustrated notes

Levels and vault maps discovered:
D:1:      wander_arrival_fairy_ring, layout_basic, nicolae_figureground_sparkle
D:2:      layout_basic
D:3:      layout_loops_ring, hellmonk_ecumenical_altar_run_dry, minivault_11
D:4:      layout_layer_cave, uniq_edmund, uniq_grinder, uniq_robin

Skill      XL: |  1  2  3  4  5 |
---------------+----------------+-----
Bows           | 4 5 6 |  6.8
Fighting       | 2 |  2.0
Dodging        | 2 |  2.0
Stealth        | |  0.8

Action                   |  1- 3 |  4- 6 || total
-------------------------+-------+-------++-------
Melee: Hand axe          |     1 |       ||     1
       Dagger            |       |    31 ||    31
 Fire: Shortbow          |    73 |    97 ||   170
  Use: Potion            |     3 |     1 ||     4
       Scroll            |       |     8 ||     8
Armor: Leather armour    |     8 |     6 ||    14
       Skin              |    12 |     1 ||    13
Dodge: Dodged            |    18 |    20 ||    38

Table legend: (Time is in decaauts)
 A = Elapsed time spent in this place.
 B = Non-inter-level travel time spent in this place.
 C = Inter-level travel time spent in this place.
 D = Time resting spent in this place.
 E = Time spent auto-exploring this place.
 F = Levels seen in this place.
 G = Mean time per level.
                   A        B        C        D        E       F      G
               +--------+--------+--------+--------+--------+-----+--------+
         Total |   2946 |   2703 |    243 |    286 |   1785 |   4 |  736.5 |
       Dungeon |   2946 |   2703 |    243 |    286 |   1785 |   4 |  736.5 |
               +--------+--------+--------+--------+--------+-----+--------+

Top non-repeatable levels by time:
     D:2: 1210 daAuts
     D:3: 778 daAuts
     D:1: 600 daAuts
     D:4: 357 daAuts
